Unix NetHack Version 3.7.0-102 Work-in-progress - last build Apr 7 2024 00:22:53 (d302a6a9ff6341f1a922d8f5af178406b35fdf99,branch:master). Game began 2024-04-20 14:19:55, ended 2024-04-21 00:03:08. Zega, lawful male human Samurai ----- AA ...| ---------..-- |.@...@.|...-- --. |...@...|@.@%---...... |...@...-'aA.A%........ |.......|a.@.---........ B|......D|.B.-- --...%... ---------..-- ----)--- ...| -...------- ----- ...........| ..........- ..........- ......... ....... ----- Zega the Ryoshu St:25 Dx:18 Co:18 In:17 Wi:18 Ch:14 Lawful S:1049662 Astral Plane $:0 HP:346(419) Pw:48(68) AC:-38 Xp:15/288031 T:37266 Latest messages: You can see again. The white dragon turns to flee. You hear a mumbled curse. The Angel of Raijin points at you, then curses. The Angel of Amaterasu Omikami points at you, then curses. The invisible Angel of Susanowo points at you, then curses. The Angel of Raijin points at you, then curses. You hit the white dragon! You hit the white dragon! The Angel of Raijin points at you, then curses. The invisible Angel of Susanowo points at you, then curses. The renegade priest of Amaterasu Omikami wields a mace! The mace welds itself to the renegade priest of Amaterasu Omikami's hand! The Angel of Raijin points at you, then curses. You hear a mumbled curse. The Angel of Raijin picks up 2 gems. The invisible Angel of Susanowo swings his long sword at the giant beetle. The invisible Angel of Susanowo hits the giant beetle. The invisible Angel of Susanowo swings his long sword at the giant beetle. The invisible Angel of Susanowo hits the giant beetle. The invisible Angel of Susanowo hits the giant beetle. The priestess of Susanowo turns to flee. The Angel of Raijin swings his long sword at the fire ant. The Angel of Raijin hits the fire ant. The Angel of Raijin swings his long sword at the fire ant. The Angel of Raijin hits the fire ant. The Angel of Raijin hits the fire ant. The Angel of Amaterasu Omikami swings his long sword at the invisible Angel of Susanowo. The Angel of Amaterasu Omikami hits the invisible Angel of Susanowo. The Angel of Amaterasu Omikami swings his long sword at the invisible Angel of Susanowo. The Angel of Amaterasu Omikami hits the invisible Angel of Susanowo. The Angel of Amaterasu Omikami hits the invisible Angel of Susanowo. The invisible Angel of Susanowo swings his long sword at the Angel of Amaterasu Omikami. The invisible Angel of Susanowo hits the Angel of Amaterasu Omikami. The invisible Angel of Susanowo swings his long sword at the Angel of Amaterasu Omikami. The invisible Angel of Susanowo hits the Angel of Amaterasu Omikami. The invisible Angel of Susanowo misses the Angel of Amaterasu Omikami. There is a high altar to Amaterasu Omikami (lawful) here. What do you want to sacrifice? [V or ?*] ? You offer the Amulet of Yendor to Amaterasu Omikami... An invisible choir sings, and you are bathed in radiance... The voice of Amaterasu Omikami thunders: "Mortal, thou hast done well!" "In return for thy service, I grant thee the gift of Immortality!" You ascend to the status of Demigod... Do you want your possessions identified? [ynq] (y) y Do you want to see your attributes? [ynq] (y) y Do you want an account of creatures vanquished? [ynaq] (y) y Do you want a list of species genocided and extinct? [ynaq] (y) y Do you want to see your conduct and achievements? [ynq] (y) y Do you want to see the dungeon overview? [ynq] (y) y Inventory: Amulets B - an uncursed amulet of life saving U - an uncursed amulet of life saving I - a blessed greased amulet of reflection (being worn) Weapons w - the blessed rustproof +6 Excalibur (wielded in right hand) W - a rustproof +7 katana (wielded in left hand) Armor T - a blessed rustproof +4 helm of telepathy (being worn) k - a blessed rustproof +5 pair of gauntlets of power (being worn) u - a blessed greased fireproof +4 pair of speed boots (being worn) v - a blessed fireproof +4 cloak of invisibility (being worn) f - a blessed +5 Hawaiian shirt with a bird of paradise motif (being worn) h - a blessed +4 gray dragon scale mail (being worn) Comestibles G - an uncursed kebab y - an uncursed cram ration H - an uncursed partly eaten gunyoki X - an uncursed lembas wafer F - an uncursed orange Z - 2 uncursed lizard corpses Scrolls g - an uncursed scroll of create monster Potions d - 2 uncursed potions of full healing Rings o - an uncursed ring of conflict (on right hand) n - an uncursed +1 ring of increase accuracy E - an uncursed +5 ring of increase damage (on left hand) Q - an uncursed +2 ring of increase damage R - an uncursed ring of levitation K - an uncursed ring of regeneration J - a cursed ring of teleportation Wands O - a wand of cancellation (0:5) S - a wand of create monster (0:15) m - a wand of create monster (0:12) Y - a wand of death (1:3) N - a wand of digging (0:6) j - a wand of digging (0:2) D - a wand of magic missile (0:5) p - a wand of secret door detection (0:10) M - a wand of striking (1:2) e - a wand of teleportation (0:7) C - a wand of teleportation (0:5) Tools i - a blessed bag of holding containing 79 items a - an uncursed bugle b - an uncursed blindfold l - a blessed magic lamp (lit) P - a magic marker (1:10) c - an uncursed magic whistle q - an uncursed skeleton key s - a cursed stethoscope z - a blessed +0 unicorn horn Gems/Stones L - a blessed luckstone Contents of the bag of holding: an uncursed amulet of flying an uncursed amulet of guarding an uncursed amulet of magical breathing a cursed amulet of restful sleep an uncursed amulet of unchanging the blessed +0 Tsurugi of Muramasa an uncursed burnt fireproof +0 pair of water walking boots 7 uncursed gunyoki an uncursed tripe ration a blessed scroll of blank paper an uncursed scroll of blank paper 4 cursed scrolls of blank paper 2 blessed scrolls of charging an uncursed scroll of confuse monster 2 uncursed scrolls of create monster a blessed scroll of earth 2 blessed scrolls of enchant armor a blessed scroll of gold detection 2 uncursed scrolls of identify a blessed scroll of remove curse 3 uncursed scrolls of remove curse 2 uncursed scrolls of scare monster 3 blessed scrolls of taming 2 cursed scrolls of teleportation an uncursed potion of enlightenment an uncursed potion of extra healing 4 uncursed potions of full healing a cursed potion of full healing a blessed potion of gain energy an uncursed potion of gain level a cursed potion of gain level a blessed potion of invisibility an uncursed potion of levitation a cursed potion of levitation a blessed potion of restore ability 2 uncursed potions of restore ability an uncursed potion of speed 8 potions of holy water a potion of unholy water an uncursed ring of aggravate monster a cursed ring of aggravate monster an uncursed ring of conflict an uncursed -1 ring of gain strength an uncursed ring of levitation an uncursed ring of poison resistance an uncursed ring of polymorph control an uncursed ring of regeneration an uncursed ring of searching an uncursed ring of searching an uncursed ring of see invisible an uncursed ring of stealth a wand of cold (0:8) a wand of cold (0:4) a wand of cold (0:2) a cursed wand of death (0:7) a blessed wand of digging (0:6) a wand of digging (0:8) a wand of digging (0:7) a wand of digging (0:7) a wand of digging (0:7) a wand of digging (0:4) a wand of digging (0:4) a wand of digging (0:4) a wand of digging (0:3) a wand of fire (0:8) a wand of fire (0:1) a wand of lightning (0:2) a wand of magic missile (0:7) a wand of polymorph (0:5) a wand of polymorph (2:1) a wand of slow monster (2:12) a wand of speed monster (0:6) a blessed wand of striking (0:3) a blessed wand of striking (0:0) a wand of striking (0:1) a wand of striking (0:0) a wand of teleportation (0:6) a wand of wishing (0:1) 4 uncursed fluorite stones Zega the Samurai's attributes: Background: You were a Ryoshu, a level 15 male human Samurai. You were lawful, on a mission for Amaterasu Omikami who was opposed by Raijin (neutral) and Susanowo (chaotic). You were right-handed. You were in the endgame, on the Astral Plane. You entered the dungeon 37266 turns ago. It was the midnight hour. You had 288031 experience points, 31969 more were needed to attain level 16. Your score was 1049662 before end-of-game adjustments. Basics: You had 346 out of 419 hit points. You had 48 out of 68 energy points (spell power). Your armor class was -38. Your wallet was empty. Autopickup was on for '"?!=/' plus thrown. Final Characteristics: Your strength was 25 (base:18/13, innate limit:18/100). Your dexterity was 18 (limit:18). Your constitution was 18 (limit:18). Your intelligence was 17 (limit:18). Your wisdom was 18 (limit:18). Your charisma was 14 (limit:18). Final Status: You weren't hungry. You were unencumbered. You were wielding two weapons at once. You had expert skill with long sword and two weapons. Final Attributes: You were the Hand of Elbereth. You were piously aligned. You were magic-protected. You were fire resistant. You were cold resistant. You were sleep resistant. You were shock resistant. You were poison resistant. You were level-drain resistant. You saw invisible. You were telepathic. You had automatic searching. You were invisible to others. You were stealthy. You caused conflict. You had a moderate damage bonus (+5). You had a moderate defense bonus (+9). You were warded. You were very fast. You had reflection. You were extremely lucky. You had extra luck. Good luck did not time out for you. You survived. Miscellaneous: You disabled loading of bones levels. Total elapsed playing time was 9 hours, 43 minutes and 11 seconds. Major events: Turn 1: Zega the lawful male human Samurai entered the dungeon 773: entered the Gnomish Mines 964: made his first wish - "2 blessed scrolls of charging", got "2 scrolls labeled DAIYEN FOOELS" 1210: wished for "blessed greased fixed +2 gray dragon scale mail", got "a greased gray dragon scale mail" 1232: wished for "blessed greased fixed +2 gauntlets of power", got "a greased pair of padded gloves" 1234: wished for "blessed magic marker", got "a magic marker" 1356: attained the rank of Ronin (level 3) 1936: attained the rank of Ninja (level 6) 1943: reached Mine Town 3964: entered Sokoban 4501: completed 1st Sokoban level 5135: completed 2nd Sokoban level 5456: completed 3rd Sokoban level 6381: completed 4th Sokoban level 6746: acquired the Sokoban bag of holding 9998: attained the rank of Joshu (level 10) 11625: signified by divine providence, was chosen to carry Excalibur 17316: was bestowed with Snickersnee by Amaterasu Omikami 19420: acquired the Mines' End luckstone 20931: killed Croesus 21269: was crowned "The Hand of Elbereth" by Amaterasu Omikami 21630: wished for "blessed greased fixed amulet of reflection", got "a greased pyramidal amulet" 21729: wished for "magic marker", got "a magic marker" 21982: attained the rank of Ryoshu (level 14) 22960: killed Ashikaga Takauji 22961: found the Tsurugi of Muramasa on the floor 22969: acquired the Bell of Opening 24299: killed Medusa 25307: performed his first genocide (energy vortices) 25316: wished for "magic marker", got "a magic marker" 25642: entered Gehennom 27348: wished for "2 blessed scrolls of genocide", got "2 scrolls labeled THARR" 27348: genocided class L 27349: genocided class h 28478: wished for "blessed greased fixed +2 speed boots", got "a greased pair of jungle boots" 29515: killed Juiblex 30197: killed Asmodeus 30624: killed Baalzebub 31271: killed Orcus 31382: found Sting in a shop 31755: found Grayswandir in a shop 32243: destroyed Vlad the Impaler 32244: acquired the Candelabrum of Invocation 35098: killed the Wizard of Yendor 35104: acquired the Book of the Dead 35135: performed the invocation 35206: killed the high priest of Moloch 35207: acquired The Amulet of Yendor 35234: killed the Wizard of Yendor (2nd time) 37038: entered the Elemental Planes 37038: entered Plane of Earth 37039: killed the Wizard of Yendor (3rd time) 37097: entered Plane of Air 37150: entered Plane of Fire 37164: genocided class ; 37164: entered Plane of Water 37231: entered the Astral Plane 37240: killed Famine 37266: ascended Vanquished creatures: Asmodeus Baalzebub Orcus Juiblex the Wizard of Yendor (thrice) Famine Vlad the Impaler a high cleric a mastodon Medusa Croesus 2 krakens 5 iron golems 2 titans 2 balrogs 3 purple worms 4 gray dragons 3 gold dragons a silver dragon 4 red dragons 3 white dragons 3 orange dragons 2 black dragons a blue dragon 2 green dragons 2 yellow dragons 19 minotaurs 3 jabberwocks Ashikaga Takauji 2 baluchitheria an Angel 3 stone golems a master mind flayer an Olog-hai 3 Nazgul 5 pit fiends 5 hell hounds 3 displacer beasts 3 titanotheres 2 trappers 2 baby red dragons 2 baby white dragons 4 baby yellow dragons 4 genetic engineers 3 disenchanters 23 vampire leaders 6 skeletons 7 aligned clerics 4 captains 5 shades 3 liches a clay golem 5 nurses 8 ice devils 4 nalfeshnees 5 lurkers above 3 ettins 24 vampires 7 lieutenants 32 ghosts 8 samurai 2 winged gargoyles 9 giant mimics 6 long worms 3 zruties 7 ogre tyrants 19 ice trolls 2 rock trolls 2 umber hulks 4 flesh golems 6 elven monarchs 5 doppelgangers 3 hezrous 7 bone devils 2 large mimics 4 fire vortices 38 stalkers 5 air elementals 7 fire elementals 13 earth elementals 2 water elementals 7 hill giants 2 giant mummies 9 xorns 7 giant zombies 3 elf-nobles 17 sergeants 2 water demons 6 barbed devils 5 vrocks 6 salamanders 8 wargs 3 winter wolves 14 hell hound pups 18 small mimics 2 glass piercers 5 warhorses 4 steam vortices 7 xans 2 ettin mummies 7 ogre leaders 7 quantum mechanics 10 trolls a sasquatch 4 mariliths 4 sharks 2 gelatinous cubes 4 pyrolisks a large dog 4 freezing spheres 12 flaming spheres 5 shocking spheres a large cat 4 tigers 4 gargoyles a dwarf ruler 7 ochre jellies 2 leocrottas an energy vortex a mountain centaur a stone giant 8 elf mummies 3 human mummies 6 red nagas a python 3 pit vipers 9 cobras 32 wraiths 2 carnivorous apes 16 ettin zombies 2 leather golems 8 Grey-elves 116 soldiers 6 amorous demons 9 horned devils 9 chameleons 2 crocodiles 10 giant beetles 2 quivering blobs 12 cockatrices 59 wolves 10 winter wolf cubs 4 lynxes 2 panthers 13 gremlins 2 spotted jellies 93 leprechauns 2 orc-captains 2 iron piercers 4 mumakil 14 giant spiders 4 scorpions 4 horses 2 ice vortices 3 black lights 8 vampire bats 7 forest centaurs 5 gnome rulers an orc mummy 3 dwarf mummies 5 ogres 10 brown puddings 8 rust monsters 3 owlbears 4 yetis 3 gold golems 18 Green-elves 2 piranha 11 giant eels 11 lizards 22 ninja 6 chickatrices 4 dingoes 2 dogs 5 jaguars 3 dwarf leaders a blue jelly 2 gray unicorns 3 black unicorns 7 dust vortices 8 ravens 5 plains centaurs a gnome mummy 10 snakes 5 water moccasins 10 apes 19 human zombies a rope golem 3 Woodland-elves 19 soldier ants 12 fire ants 22 bugbears 2 imps 9 quasits 3 wood nymphs 3 water nymphs 6 mountain nymphs 2 Mordor orcs 3 Uruk-hai 3 orc shamans 5 rock piercers 2 rock moles 3 ponies 6 fog clouds 9 yellow lights 5 violet fungi 18 gnome leaders 10 gnomish wizards 2 kobold mummies a red naga hatchling 2 black naga hatchlings 7 gray oozes 6 barrow wights 10 elf zombies 6 ghouls 3 straw golems 4 paper golems a jellyfish a baby crocodile 14 giant ants 2 little dogs 8 floating eyes 3 kittens 7 dwarves 5 homunculi 3 kobold shamans 29 hill orcs 2 rothes a rabid rat 2 centipedes 4 giant bats 2 monkeys 7 orc zombies 15 dwarf zombies a wererat a werejackal 5 iguanas 22 killer bees 7 acid blobs 3 coyotes 4 gas spores 4 hobbits 18 manes 3 large kobolds 15 hobgoblins 3 giant rats 9 cave spiders 2 yellow molds 3 green molds 69 gnomes 7 garter snakes 10 gnome zombies 6 geckos 12 jackals 2 foxes a kobold 5 goblins 5 sewer rats 11 grid bugs 3 bats 2 lichens 11 kobold zombies 5 newts 1848 creatures vanquished. Genocided or extinct species: arch-liches krakens master liches demiliches master mind flayers liches mind flayers sharks electric eels dwarf rulers energy vortices soldiers (extinct) piranha giant eels dwarf leaders bugbears jellyfish dwarves hobbits 18 species genocided. 1 species extinct. Voluntary challenges: You followed a strict vegan diet. You read items or engraved 150 times. You engraved Elbereth 15 times. You genocided 18 types of monsters. You used 9 wishes. You did not wish for any artifacts. You did not violate any of the special Sokoban rules. Achievements: You entered a shop. You entered the Gnomish Mines. You attained the rank of Ronin. You attained the rank of Ninja. You entered Minetown. You entered a temple. You entered Sokoban. You completed Sokoban. You attained the rank of Joshu. You completed the Gnomish Mines. You attained the rank of Ryoshu. You handled the Bell of Opening. You defeated Medusa. You entered Gehennom. You handled the Candelabrum of Invocation. You handled the Book of the Dead. You gained access to Moloch's Sanctum. You reached the Elemental Planes. You reached the Astral Plane. You delivered the Amulet of Yendor. You ascended! The Elemental Planes: Astral Plane: <- You are here. A temple and an altar to Amaterasu Omikami. Plane of Water: Plane of Fire: Plane of Air: Plane of Earth: The Dungeons of Doom: levels 1 to 27 Level 1: One way stairs up to The Elemental Planes. Level 2: "v 1" Level 3: A sink. Level 4: Stairs down to The Gnomish Mines. Level 5: "v2" Level 6: Level 7: Oracle of Delphi. Level 8: Stairs up to Sokoban, level 7. Level 9: Level 10: Level 11: Portal to Fort Ludios. Level 12: "lep1" A grave. Level 13: A temple and an altar to Amaterasu Omikami. Portal to The Quest. Level 14: "hive" Level 15: A sink. Level 16: A fountain, many graves. Level 17: A primitive area. Level 18: "v3" A grave. Level 19: Level 20: A temple and an altar. Level 21: A fountain. Level 22: Level 23: Level 24: Some fountains. Level 25: Some fountains, many trees. Level 26: Level 27: A fountain. Connection to Gehennom. Gehennom: levels 28 to 49 Level 28: A temple and an altar, many graves. Valley of the Dead. Level 29: Level 30: Level 31: A fountain. Level 32: Level 33: Level 34: Level 35: Level 36: Level 37: An altar. Level 38: "wiz" Level 39: Stairs up to Vlad's Tower, level 38. Level 40: Level 41: Level 42: Level 43: Level 44: Level 45: Level 46: Level 47: Level 48: Level 49: A temple and an altar, many graves. Moloch's Sanctum. The Gnomish Mines: levels 5 to 12 Level 5: Level 6: Level 7: Level 8: A temple and an altar, many fountains. Level 9: Level 10: Level 11: Level 12: The Quest: levels 1 to 5 Level 1: Completed quest for Lord Sato. Level 2: Level 3: Level 4: Level 5: Sokoban: levels 7 up to 4 Level 4: Solved. Level 5: Solved. Level 6: Solved. Level 7: Solved. Fort Ludios: Level 1: Fort Ludios. Vlad's Tower: levels 38 up to 36 Level 36: Level 37: Level 38: Sayonara Zega the Demigod... You went to your reward with 2123374 points, The Tsurugi of Muramasa (worth 4500 zorkmids and 11250 points) Excalibur (worth 4000 zorkmids and 10000 points) 4 fluorite stones (worth 1600 zorkmids), 2 amulets of life saving (worth 300 zorkmids), 1 amulet of restful sleep (worth 150 zorkmids), 1 amulet of unchanging (worth 150 zorkmids), 1 amulet of reflection (worth 150 zorkmids), 1 amulet of magical breathing (worth 150 zorkmids), 1 amulet of guarding (worth 150 zorkmids), 1 amulet of flying (worth 150 zorkmids), and 0 pieces of gold, after 37266 moves. You were level 15 with a maximum of 419 hit points when you ascended.